| TOP OF THE 1ST |
|
Fresno State University Bulldogs batting - Pitching for UCLA Bruins : LHP Adam Devine
|
|
Pitching: LHP Adam Devine
|
|
|
Batting: SHB Mike Fermin
|
0-0: Ground out 6-3 (Groundball, 6, EV 104.4 MPH)
|
|
Batting: RHB Charlie Davison
|
0-0: Ball 1-0: Ball 2-0: Fly out, F3 (Popup, 3F, EV 78.1 MPH)
|
|
Batting: RHB Jaquan Brown
|
0-0: Foul Ball, location: 2F 0-1: Ball 1-1: Foul Ball, location: 2F 1-2: Ball 2-2: Ground out 1-3 (Groundball, 34S, EV 77.5 MPH)
|
| Top of the 1st over - 0 runs, 0 hits, 0 errors, 0 left on base; Fresno State University 0 - UCLA 0 |
| BOTTOM OF THE 1ST |
|
UCLA Bruins batting - Pitching for Fresno State University Bulldogs : RHP Rich Gold
|
|
Pitching: RHP Rich Gold
|
|
|
Batting: RHB Benedikt Fleischmann
|
0-0: SINGLE (Flyball, 89M, EV 96.9 MPH)
|
|
Batting: RHB Hidesuke Yoshida
|
0-0: Grounds into double play, 5-4-3 (Groundball, 56, EV 94.4 MPH)
|
|
Batting: RHB Simon Sultzbach
|
0-0: Ground out 5-3 (Groundball, 56, EV 84.4 MPH)
|
| Bottom of the 1st over - 0 runs, 1 hit, 0 errors, 0 left on base; Fresno State University 0 - UCLA 0 |
| TOP OF THE 2ND |
|
Fresno State University Bulldogs batting - Pitching for UCLA Bruins : LHP Adam Devine
|
|
Batting: RHB Adam Angeles
|
0-0: Called Strike 0-1: Called Strike 0-2: Fly out, F8 (Flyball, 78D, EV 106.2 MPH)
|
|
Batting: RHB Andy Villarreal
|
0-0: Ball 1-0: Ground out 4-3 (Groundball, 34, EV 86.2 MPH)
|
|
Batting: LHB Kevin Feldman
|
0-0: Called Strike 0-1: Ground out 6-3 (Groundball, 6, EV 78.1 MPH)
|
| Top of the 2nd over - 0 runs, 0 hits, 0 errors, 0 left on base; Fresno State University 0 - UCLA 0 |
| BOTTOM OF THE 2ND |
|
UCLA Bruins batting - Pitching for Fresno State University Bulldogs : RHP Rich Gold
|
|
Batting: RHB Xavier Reeves
|
0-0: Ball 1-0: Ball 2-0: Fly out, F9 (Flyball, 9, EV 83.1 MPH)
|
|
Batting: LHB Freddy Monge
|
0-0: Ball 1-0: DOUBLE (Groundball, 5L, EV 108.1 MPH)
|
|
Batting: LHB Bill Helmer
|
0-0: Ground out 6-3 (Groundball, 6, EV 86.2 MPH)
|
|
Batting: RHB Juan Carrillo
|
0-0: Foul Ball, location: 2F 0-1: Ground out 4-3 (Groundball, 4M, EV 105.6 MPH)
|
| Bottom of the 2nd over - 0 runs, 1 hit, 0 errors, 1 left on base; Fresno State University 0 - UCLA 0 |
| TOP OF THE 3RD |
|
Fresno State University Bulldogs batting - Pitching for UCLA Bruins : LHP Adam Devine
|
|
Batting: RHB Nate McCormick
|
0-0: Foul Ball, location: 2F 0-1: Ball 1-1: Swinging Strike 1-2: Ball 2-2: Ball 3-2: Ground out 4-3 (Groundball, 4, EV 86.2 MPH)
|
|
Batting: RHB Javier Brizuela
|
0-0: Ball 1-0: Swinging Strike 1-1: Swinging Strike 1-2: Foul Ball, location: 2F 1-2: Foul Ball, location: 2F 1-2: Foul Ball, location: 2F 1-2: Strikes out swinging
|
|
Batting: RHB Pete Goerge
|
0-0: Called Strike 0-1: Called Strike 0-2: Foul Ball, location: 2F 0-2: SINGLE (Groundball, 34D, EV 102.5 MPH)
|
|
Batting: SHB Mike Fermin
|
0-0: Ball 1-0: Ground out 4-3 (Groundball, 4, EV 106.9 MPH)
|
| Top of the 3rd over - 0 runs, 1 hit, 0 errors, 1 left on base; Fresno State University 0 - UCLA 0 |
| BOTTOM OF THE 3RD |
|
UCLA Bruins batting - Pitching for Fresno State University Bulldogs : RHP Rich Gold
|
|
Batting: RHB Sergio Cervantes
|
0-0: SINGLE (Groundball, 56D, EV 103.1 MPH)
|
|
Batting: RHB Carlos Murillo
|
0-0: Ball 1-0: Foul Ball, location: 2F 1-1: Fly out, F7 (Flyball, 7LS, EV 94.4 MPH)
|
|
Batting: RHB Benedikt Fleischmann
|
0-0: Single, Error in OF, E8, batter to second base (Groundball, 6MD, EV 100.0 MPH) Sergio Cervantes to third
|
|
Batting: RHB Hidesuke Yoshida
|
0-0: Foul Ball, location: 2F 0-1: SINGLE (Line Drive, 9S, EV 91.2 MPH) Sergio Cervantes scores Benedikt Fleischmann to third
|
|
Batting: RHB Simon Sultzbach
|
0-0: Swinging Strike 0-1: Ball 1-1: Called Strike Hidesuke Yoshida steals 2nd base 1-2: Strikes out swinging
|
|
Batting: RHB Xavier Reeves
|
0-0: Ball 1-0: Called Strike 1-1: Foul Ball, location: 2F 1-2: SINGLE (Line Drive, 89S, EV 107.5 MPH) Benedikt Fleischmann scores Hidesuke Yoshida to third
|
|
Batting: LHB Freddy Monge
|
0-0: Foul Ball, location: 2F 0-1: Foul Ball, location: 2F 0-2: Fly out, F8 (Line Drive, 8LM, EV 102.5 MPH)
|
| Bottom of the 3rd over - 2 runs, 4 hits, 1 error, 2 left on base; Fresno State University 0 - UCLA 2 |
| TOP OF THE 4TH |
|
Fresno State University Bulldogs batting - Pitching for UCLA Bruins : LHP Adam Devine
|
|
Batting: RHB Charlie Davison
|
0-0: Fly out, F8 (Line Drive, 8LD, EV 98.1 MPH)
|
|
Batting: RHB Jaquan Brown
|
0-0: Foul Ball, location: 2F 0-1: Fly out, F6 (Line Drive, 6, EV 65.6 MPH)
|
|
Batting: RHB Adam Angeles
|
0-0: Called Strike 0-1: Ball 1-1: Foul Ball, location: 2F 1-2: SINGLE (Groundball, 6D, EV 101.9 MPH)
|
|
Batting: RHB Andy Villarreal
|
0-0: Ball 1-0: Called Strike 1-1: Ground out 4-3 (Groundball, 34, EV 98.1 MPH)
|
| Top of the 4th over - 0 runs, 1 hit, 0 errors, 1 left on base; Fresno State University 0 - UCLA 2 |
| BOTTOM OF THE 4TH |
|
UCLA Bruins batting - Pitching for Fresno State University Bulldogs : RHP Rich Gold
|
|
Batting: LHB Bill Helmer
|
0-0: Foul Ball, location: 2F 0-1: Swinging Strike 0-2: Ball 1-2: Foul Ball, location: 2F 1-2: Strikes out swinging
|
|
Batting: RHB Juan Carrillo
|
0-0: DOUBLE (Flyball, 78D, EV 93.8 MPH)
|
|
Batting: RHB Sergio Cervantes
|
0-0: Ground out 1-3 (Groundball, 13S, EV 69.4 MPH) Juan Carrillo to third
|
|
Batting: RHB Carlos Murillo
|
0-0: Fly out, F3 (Popup, 3F, EV 76.9 MPH)
|
| Bottom of the 4th over - 0 runs, 1 hit, 0 errors, 1 left on base; Fresno State University 0 - UCLA 2 |
| TOP OF THE 5TH |
|
Fresno State University Bulldogs batting - Pitching for UCLA Bruins : LHP Adam Devine
|
|
Now at 2B: Michael Alvarado
|
|
|
Now at 3B: Brian Stacey
|
|
|
Batting: LHB Kevin Feldman
|
0-0: Called Strike 0-1: SINGLE (Line Drive, 89S, EV 111.2 MPH)
|
|
Batting: RHB Nate McCormick
|
0-0: Called Strike 0-1: Fly out, F4 (Popup, 34, EV 56.2 MPH)
|
|
Batting: RHB Javier Brizuela
|
0-0: Ball 1-0: Ball 2-0: Foul Ball, location: 2F 2-1: DOUBLE (Line Drive, 78M, EV 93.8 MPH) Kevin Feldman to third
|
|
Batting: RHB Pete Goerge
|
0-0: Called Strike 0-1: Ball 1-1: Fly out, F8 (Flyball, 8LM, EV 83.8 MPH) Runner from 3rd tags up, SCORES, throw by CF Javier Brizuela to third
|
|
Pinch Hitting: RHB Dou-wan Pan
|
0-0: Ball 1-0: Called Strike 1-1: Ball 2-1: Foul Ball, location: 2F 2-2: Strikes out swinging
|
| Top of the 5th over - 1 run, 2 hits, 0 errors, 1 left on base; Fresno State University 1 - UCLA 2 |
| BOTTOM OF THE 5TH |
|
UCLA Bruins batting - Pitching for Fresno State University Bulldogs : RHP Rich Gold
|
|
Pitching: RHP Lev Rozinov
|
|
|
Now at 2B: Chris Viehman
|
|
|
Now at 3B: Dou-wan Pan
|
|
|
Now in RF: Murilo Cunha
|
|
|
Batting: RHB Benedikt Fleischmann
|
0-0: Called Strike 0-1: Fly out, F8 (Flyball, 78M, EV 75.0 MPH)
|
|
Batting: RHB Hidesuke Yoshida
|
0-0: Called Strike 0-1: Foul Ball, location: 2F 0-2: Ball 1-2: Ball 2-2: Ball 3-2: Foul Ball, location: 2F 3-2: Foul Ball, location: 2F 3-2: Base on Balls
|
|
Batting: RHB Simon Sultzbach
|
0-0: SINGLE (Groundball, P, EV 80.0 MPH) (infield hit) Hidesuke Yoshida to second
|
|
Batting: RHB Michael Alvarado
|
0-0: Ball 1-0: Called Strike 1-1: Ball 2-1: Foul Ball, location: 2F 2-2: Ball 3-2: Base on Balls Hidesuke Yoshida to third Simon Sultzbach to second
|
|
Batting: LHB Freddy Monge
|
0-0: Ball 1-0: Ball 2-0: Ball Wild Pitch! Hidesuke Yoshida scores Simon Sultzbach to third Michael Alvarado to second 3-0: Base on Balls
|
|
Pinch Hitting: LHB Carlos Guadarrama
|
0-0: Ball 1-0: SINGLE (Groundball, 4MD, EV 102.5 MPH) Simon Sultzbach scores Michael Alvarado to third Freddy Monge to second
|
|
Pinch Hitting: RHB Angel Melendez
|
0-0: Ball Wild Pitch! Michael Alvarado scores Freddy Monge to third Carlos Guadarrama to second 1-0: Called Strike 1-1: Ball 2-1: Swinging Strike 2-2: Fly out, F8 (Line Drive, 8LM, EV 103.8 MPH)
|
|
Pitching: RHP Francisco Santos
|
|
|
Batting: RHB Sergio Cervantes
|
0-0: Ball 1-0: Swinging Strike 1-1: Swinging Strike 1-2: Strikes out swinging
|
| Bottom of the 5th over - 3 runs, 2 hits, 0 errors, 2 left on base; Fresno State University 1 - UCLA 5 |
| TOP OF THE 6TH |
|
Fresno State University Bulldogs batting - Pitching for UCLA Bruins : LHP Adam Devine
|
|
Now at SS: Ken Hillman
|
|
|
Now in LF: Hidesuke Yoshida
|
|
|
Now in CF: Mark Cummings
|
|
|
Batting: LHB Chris Viehman
|
0-0: Called Strike 0-1: Foul Ball, location: 2F 0-2: Ball 1-2: Fly out, F7 (Flyball, 7, EV 88.1 MPH)
|
|
Batting: LHB Sloan Rayner
|
0-0: Ball 1-0: DOUBLE (Line Drive, 78D, EV 105.0 MPH)
|
|
Pitching: RHP Mark Crawford
|
|
|
Batting: RHB Adam Angeles
|
0-0: 2-RUN HOME RUN (Flyball, 9LD, EV 93.8 MPH), Distance : 351 ft
|
|
Pinch Hitting: LHB Ricardo Sandoval
|
0-0: Called Strike 0-1: Fly out, F7 (Flyball, 78M, EV 90.6 MPH)
|
|
Pinch Hitting: RHB Justin Szymczyk
|
0-0: Ball 1-0: Ball 2-0: Called Strike 2-1: Fly out, F4 (Popup, 4S, EV 85.6 MPH)
|
| Top of the 6th over - 2 runs, 2 hits, 0 errors, 0 left on base; Fresno State University 3 - UCLA 5 |
| BOTTOM OF THE 6TH |
|
UCLA Bruins batting - Pitching for Fresno State University Bulldogs : RHP Francisco Santos
|
|
Now at SS: Justin Szymczyk
|
|
|
Now in LF: Javier Brizuela
|
|
|
Now in CF: Ricardo Sandoval
|
|
|
Batting: RHB Brian Stacey
|
0-0: Foul Ball, location: 2F 0-1: Ball 1-1: Foul Ball, location: 2F 1-2: Foul Ball, location: 2F 1-2: Fly out, F7 (Flyball, 7D, EV 94.4 MPH)
|
|
Pinch Hitting: LHB Jim Snell
|
0-0: Ball 1-0: Fly out, F8 (Line Drive, 8LD, EV 91.9 MPH)
|
|
Pinch Hitting: LHB Edwin Esparza
|
0-0: Ball 1-0: Swinging Strike 1-1: Ball 2-1: Called Strike 2-2: Ball 3-2: Ground out 4-3 (Groundball, 4, EV 105.0 MPH)
|
| Bottom of the 6th over - 0 runs, 0 hits, 0 errors, 0 left on base; Fresno State University 3 - UCLA 5 |
| TOP OF THE 7TH |
|
Fresno State University Bulldogs batting - Pitching for UCLA Bruins : RHP Mark Crawford
|
|
Now at C: Alberto Aguilar
|
|
|
Now in LF: Hassan Thomas
|
|
|
Now in RF: Scott Mullett
|
|
|
Batting: RHB Murilo Cunha
|
0-0: Called Strike 0-1: Ball 1-1: Ball 2-1: Ball 3-1: Foul Ball, location: 2F 3-2: Strikes out swinging
|
|
Pinch Hitting: LHB Dennis Klein
|
0-0: Ball 1-0: Foul Ball, location: 2F 1-1: Ball 2-1: Ball 3-1: Foul Ball, location: 2F 3-2: Foul Ball, location: 2F 3-2: SINGLE (Groundball, 6D, EV 105.0 MPH)
|
|
Pinch Hitting: LHB Milton Yeo
|
0-0: Ball 1-0: Ball 2-0: Ball 3-0: Base on Balls Dennis Klein to second
|
|
Pitching: RHP Jan Marvel
|
|
|
Pinch Runner at 2nd Troy Jones:
|
|
|
Batting: RHB Dou-wan Pan
|
0-0: Ball 1-0: Ball Passed Ball! Troy Jones to third Milton Yeo to second 2-0: Fly out, F8 (Flyball, 8LD, EV 90.6 MPH) Runner from 3rd tags up, SCORES, throw by CF Milton Yeo to third
|
|
Batting: LHB Chris Viehman
|
0-0: Called Strike 0-1: Ball 1-1: Fly out, F9 (Flyball, 89S, EV 98.8 MPH)
|
| Top of the 7th over - 1 run, 1 hit, 0 errors, 1 left on base; Fresno State University 4 - UCLA 5 |
| BOTTOM OF THE 7TH |
|
UCLA Bruins batting - Pitching for Fresno State University Bulldogs : RHP Francisco Santos
|
|
Pitching: RHP Raul Ledesma
|
|
|
Now at 1B: Milton Yeo
|
|
|
Now in LF: Murilo Cunha
|
|
|
Now in RF: Troy Jones
|
|
|
Batting: LHB Alberto Aguilar
|
0-0: Ground out 4-3 (Groundball, 4D, EV 87.5 MPH)
|
|
Batting: RHB Michael Alvarado
|
0-0: Hit by Pitch
|
|
Batting: RHB Issac Konol
|
0-0: SINGLE (Groundball, 4D, EV 103.1 MPH) Michael Alvarado to second
|
|
Batting: LHB Mark Cummings
|
0-0: Called Strike 0-1: Fly out, F7 (Flyball, 7, EV 89.4 MPH)
|
|
Batting: RHB Ken Hillman
|
0-0: Foul Ball, location: 2F 0-1: Swinging Strike 0-2: Strikes out swinging
|
| Bottom of the 7th over - 0 runs, 1 hit, 0 errors, 2 left on base; Fresno State University 4 - UCLA 5 |
| TOP OF THE 8TH |
|
Fresno State University Bulldogs batting - Pitching for UCLA Bruins : RHP Jan Marvel
|
|
Batting: RHB Homer Petropoulos
|
0-0: Fly out, F8 (Flyball, 8LM, EV 90.6 MPH)
|
|
Batting: RHB Adam Angeles
|
0-0: Ball 1-0: Swinging Strike 1-1: Swinging Strike 1-2: Strikes out swinging
|
|
Pinch Hitting: LHB Cole Sanchez
|
0-0: Reached on error, E6 (Groundball, 6, EV 80.6 MPH)
|
|
Batting: RHB Justin Szymczyk
|
0-0: Ball Passed Ball! Cole Sanchez to third 1-0: Ball 2-0: Called Strike 2-1: Ground out 6-3 (Groundball, 6, EV 81.9 MPH)
|
| Top of the 8th over - 0 runs, 0 hits, 1 error, 1 left on base; Fresno State University 4 - UCLA 5 |
| BOTTOM OF THE 8TH |
|
UCLA Bruins batting - Pitching for Fresno State University Bulldogs : RHP Raul Ledesma
|
|
Now in CF: Troy Jones
|
|
|
Now in RF: Cole Sanchez
|
|
|
Pinch Hitting: RHB Matt Martin
|
0-0: Ground out 6-3 (Groundball, 6, EV 105.0 MPH)
|
|
Batting: RHB Brian Stacey
|
0-0: Ball 1-0: Foul Ball, location: 2F 1-1: Ball 2-1: Ball 3-1: SINGLE (Groundball, 6MD, EV 98.8 MPH)
|
|
Batting: LHB Scott Mullett
|
0-0: Ball 1-0: Foul Ball, location: 2F 1-1: Foul Ball, location: 2F 1-2: Ball 2-2: Ball 3-2: Fly out, F7 (Flyball, 7D, EV 86.2 MPH)
|
|
Pinch Hitting: SHB Sean Munns
|
0-0: Called Strike 0-1: Ball 1-1: Called Strike 1-2: Ball 2-2: Fly out, F8 (Line Drive, 8LM, EV 110.6 MPH)
|
| Bottom of the 8th over - 0 runs, 1 hit, 0 errors, 1 left on base; Fresno State University 4 - UCLA 5 |
| TOP OF THE 9TH |
|
Fresno State University Bulldogs batting - Pitching for UCLA Bruins : RHP Jan Marvel
|
|
Now at 1B: Matt Martin
|
|
|
Now in LF: Jamie Blankenship
|
|
|
Pinch Hitting: RHB John Carpenter
|
0-0: Called Strike 0-1: Ground out 4-3 (Groundball, 34, EV 101.2 MPH)
|
|
Batting: LHB Troy Jones
|
0-0: SINGLE (Line Drive, 9S, EV 103.8 MPH)
|
|
Batting: LHB Milton Yeo
|
0-0: Called Strike 0-1: Called Strike 0-2: Ball 1-2: Reached on error, E4 (Groundball, 34, EV 103.1 MPH) Troy Jones to second
|
|
Pinch Hitting: RHB Xin Zhang
|
0-0: Reached on error, E5 (Groundball, 56, EV 90.6 MPH) Troy Jones to third Milton Yeo to second
|
|
Pinch Hitting: RHB Bryan Sokol
|
0-0: Called Strike 0-1: Swinging Strike 0-2: Ball 1-2: Strikes out swinging
|
|
Batting: RHB Homer Petropoulos
|
0-0: Ball Passed Ball! Troy Jones scores Milton Yeo to third Xin Zhang to second 1-0: Intentional Walk
|
|
Pinch Hitting: RHB Rodolfo Solis
|
0-0: Called Strike 0-1: Ground out 3-1 (Groundball, 34S, EV 80.6 MPH)
|
| Top of the 9th over - 1 run, 1 hit, 2 errors, 3 left on base; Fresno State University 5 - UCLA 5 |
| BOTTOM OF THE 9TH |
|
UCLA Bruins batting - Pitching for Fresno State University Bulldogs : RHP Raul Ledesma
|
|
Pitching: LHP Randy Latendresse
|
|
|
Now at C: Rodolfo Solis
|
|
|
Now at 2B: Bryan Sokol
|
|
|
Now at 3B: Xin Zhang
|
|
|
Now in LF: Cole Sanchez
|
|
|
Now in RF: Casey Bass
|
|
|
Pinch Hitting: RHB Roman Lauder
|
0-0: Ball 1-0: Swinging Strike 1-1: Called Strike 1-2: Strikes out swinging
|
|
Pinch Hitting: SHB Jonathan Jacob
|
0-0: Ball 1-0: Ball 2-0: SOLO HOME RUN (Flyball, 78XD, EV 108.1 MPH), Distance : 446 ft
|
| Bottom of the 9th over - 1 run, 1 hit, 0 errors, 0 left on base; Fresno State University 5 - UCLA 6 |
|